 Dungeon Crawl Stone Soup version 0.23-a0-338-g8ff0b24 (webtiles) character file.

602941 namelastname112 the Phalangite (level 26, -4/229 (230) HPs)
             Began as a Yellow Draconian Wanderer on Oct 18, 2018.
             Was the Champion of Hepliaklqana.
             Slain by an Orb Guardian (46 damage)
             ... on level 5 of the Realm of Zot on Oct 19, 2018.
             The game lasted 02:27:32 (64078 turns).

namelastname112 the Phalangite (DrWn)              Turns: 64078, Time: 02:27:32

HP:   -4/229 (230)  AC: 17    Str: 11 (13) XL:     26   Next: 54%
MP:   44/46         EV: 37    Int: 12      God:    Hepliaklqana [******]
Gold: 9387          SH:  0    Dex: 33      Spells: 38/46 levels left

rFire    + + +     SeeInvis +   X - +12 glaive "Igham" {chop, rC+ MP+9 Dex+2}
rCold    + + .     Gourm    .   (shield currently unavailable)
rNeg     + . .     Faith    .   (armour unavailable)
rPois    +         Spirit   .   c - -2 hat of the Alchemist {rElec rPois rF+ rC+ rN+ MR+ rMut rCorr}
rElec    +         Reflect  .   J - +1 cloak {+Inv}
rCorr    +         Harm     .   t - +2 pair of gloves {Dex+3}
rMut     +                      f - +1 pair of boots of the Bagpipe {Str+2}
MR       +++..                  s - amulet "Taut" {rF+ MR+ Regen+ Str-3 SInv}
Stlth    +++.......             m - ring "Soczeakoqu" {rF+ Dex+4 Stlth+}
HPRegen  0.88/turn              o - ring of poison resistance
MPRegen  0.30/turn

@: very slightly contaminated
A: spit acid, acid resistance, unfitting armour, reduced essence, deterioration
1, mutation resistance 1, acidic bite, cold-blooded, AC +12
}: 3/15 runes: decaying, serpentine, silver
a: Breathe Acid, Recall Ancestor, Ancestor Identity, Transference, Idealise,
Renounce Religion, Evoke Invisibility


You were on level 5 of the Realm of Zot.
You worshipped Hepliaklqana.
Hepliaklqana was exalted by your worship.
You were hungry.

You visited 9 branches of the dungeon, and saw 49 of its levels.
You visited the Abyss 1 time.
You visited 2 bazaars.
You also visited: Labyrinth, Ossuary and Ice Cave.

You collected 10338 gold pieces.
You spent 951 gold pieces at shops.

Inventory:

Hand Weapons
 z - a +5 demon trident
 X - the +12 glaive "Igham" (weapon) {chop, rC+ MP+9 Dex+2}
   (You found it on level 2 of the Elven Halls)

   It inflicts extra damage upon your enemies.
   It affects your dexterity (+2).
   It protects you from cold.
   It affects your magic capacity (+9).
Missiles
 v - 9 throwing nets (quivered)
Armour
 c - the -2 hat of the Alchemist (worn) {rElec rPois rF+ rC+ rN+ MR+ rMut rCorr}
   (You acquired it on level 3 of the Depths)

   It protects you from fire.
   It protects you from cold.
   It insulates you from electricity.
   It protects you from poison.
   It protects you from negative energy.
   It affects your resistance to hostile enchantments.
   It provides partial protection from all sources of acid and corrosion.
   It protects you from mutation.
 f - the +1 pair of boots of the Bagpipe (worn) {Str+2}
   (You acquired it on level 5 of the Lair of Beasts)

   It affects your strength (+2).
 t - a +2 pair of gloves of dexterity (worn)
 J - a +1 cloak of invisibility (worn)
Jewellery
 m - the ring "Soczeakoqu" (left hand) {rF+ Dex+4 Stlth+}
   (You took it off a minotaur in a labyrinth)

   [ring of protection from fire]

   It affects your dexterity (+4).
   It protects you from fire.
   It makes you more stealthy.
 o - a ring of poison resistance (right hand)
 s - the amulet "Taut" (around neck) {rF+ MR+ Regen+ Str-3 SInv}
   (You bought it in a shop on level 1 of the Snake Pit)

   [amulet of regeneration]

   It affects your strength (-3).
   It protects you from fire.
   It affects your resistance to hostile enchantments.
   It lets you see invisible.
   It increases your rate of regeneration.
 W - a +4 ring of evasion
Wands
 k - a wand of disintegration (6)
 x - a wand of clouds (4)
 C - a wand of acid (38)
 L - a wand of digging (27)
 N - a wand of scattershot (24)
 U - a wand of iceblast (47)
Scrolls
 a - 22 scrolls of identify
 b - 14 scrolls of teleportation
 e - 17 scrolls of remove curse
 g - a scroll of summoning
 l - 11 scrolls of enchant weapon
 n - 9 scrolls of enchant armour
 p - 3 scrolls of holy word
 q - 2 scrolls of silence
 w - 2 scrolls of fog
 y - 14 scrolls of amnesia
 H - 6 scrolls of blinking
 M - 3 scrolls of fear
 R - 7 scrolls of magic mapping
Potions
 h - 18 potions of curing
 i - 9 potions of flight
 j - 11 potions of haste
 r - 4 potions of heal wounds
 u - 7 potions of agility
 A - 4 potions of magic
 D - 6 potions of might
 F - 8 potions of resistance
 I - 6 potions of ambrosia
 K - 7 potions of brilliance
 P - a potion of cancellation
 V - 4 potions of invisibility
Comestibles
 d - 75 rations


   Skills:
 + Level 24.7 Fighting
   Level 4.0(17.7) Axes
 + Level 25.2(25.3) Polearms
 + Level 21.5 Dodging
 - Level 10.8 Spellcasting
 - Level 10.9 Charms
 - Level 13.3 Invocations
 - Level 2.0 Evocations


You had 38 spell levels left.
You knew the following spells:

 Your Spells              Type           Power        Failure   Level  Hunger
a - Blink                 Tloc           N/A          17%         2    None
c - Spectral Weapon       Hex/Chrm       ###.....     3%          3    #......
d - Regeneration          Chrm/Necr      ###.......   3%          3    #......

Your spell library contained the following spells:

 Spells                   Type           Power        Failure   Level  Hunger
 Infusion                 Chrm           ####         1%          1    None
 Shroud of Golubria       Chrm/Tloc      ###.......   1%          2    None
 Song of Slaying          Chrm           ####....     1%          2    None
 Swiftness                Chrm/Air       ###.....     1%          2    None
 Animate Skeleton         Necr           N/A          11%         1    None
 Apportation              Tloc           #.....       11%         1    None
 Beastly Appendage        Tmut           #.....       11%         1    None
 Confusing Touch          Hex            #.....       11%         1    None
 Corona                   Hex            #......      11%         1    None
 Flame Tongue             Conj/Fire      #....        11%         1    None
 Freeze                   Ice            #...         11%         1    None
 Magic Dart               Conj           #...         11%         1    None
 Pain                     Necr           #...         11%         1    None
 Sting                    Conj/Pois      #...         11%         1    None
 Summon Butterflies       Summ           #.......     11%         1    None
 Summon Small Mammal      Summ           #...         11%         1    None
 Call Imp                 Summ           #.......     17%         2    None
 Corpse Rot               Necr           N/A          17%         2    None
 Ensorcelled Hibernation  Hex/Ice        #.....       17%         2    None
 Passwall                 Tmut/Erth      #.......     17%         2    None
 Poisonous Vapours        Pois/Air       #.....       17%         2    None
 Slow                     Hex            #.......     17%         2    None
 Sublimation of Blood     Necr           #.........   17%         2    None
 Throw Flame              Conj/Fire      #.....       17%         2    None
 Call Canine Familiar     Summ           #.......     32%         3    #......
 Confuse                  Hex            #.......     32%         3    #......
 Conjure Flame            Conj/Fire      #.......     32%         3    #......
 Dazzling Spray           Conj/Hex       #.....       32%         3    #......
 Gell's Gravitas          Tloc           #.........   32%         3    #......
 Ignite Poison            Fire/Tmut/Pois #.......     32%         3    #......
 Inner Flame              Hex/Fire       #.......     32%         3    #......
 Lesser Beckoning         Tloc           #.........   32%         3    #......
 Mephitic Cloud           Conj/Pois/Air  #.......     32%         3    #......
 Portal Projectile        Hex/Tloc       #.....       32%         3    #......
 Recall                   Summ/Tloc      N/A          32%         3    #......
 Static Discharge         Conj/Air       #.......     32%         3    #......
 Summon Guardian Golem    Hex/Summ       #.......     32%         3    #......
 Teleport Other           Tloc           #.......     32%         3    #......
 Tukima's Dance           Hex            #.......     32%         3    #......
 Excruciating Wounds      Chrm/Necr      ###.......   32%         5    #####..
 Animate Dead             Necr           N/A          73%         4    ###....
 Force Lance              Conj/Tloc      #.......     73%         4    ###....
 Fulminant Prism          Conj/Hex       #.........   73%         4    ###....
 Ice Form                 Ice/Tmut       #.......     73%         4    ###....
 Olgreb's Toxic Radiance  Pois           #.......     73%         4    ###....
 Passage of Golubria      Tloc           N/A          73%         4    ###....
 Petrify                  Tmut/Erth      #.......     73%         4    ###....
 Sticky Flame             Conj/Fire      #.......     73%         4    ###....
 Summon Ice Beast         Ice/Summ       #.......     73%         4    ###....
 Summon Lightning Spire   Summ/Air       #.......     73%         4    ###....
 Agony                    Necr           #.......     97%         5    #####..
 Aura of Abjuration       Summ           #.........   97%         5    #####..
 Bolt of Draining         Conj/Necr      #.........   97%         5    #####..
 Bolt of Magma            Conj/Fire/Erth #.........   97%         5    #####..
 Borgnjor's Vile Clutch   Necr/Erth      #.........   97%         5    #####..
 Dispel Undead            Necr           #.......     97%         5    #####..
 Fireball                 Conj/Fire      #.........   97%         5    #####..
 Irradiate                Conj/Tmut      #.........   97%         5    #####..
 Lee's Rapid Deconstruct  Erth           #.........   97%         5    #####..
 Lightning Bolt           Conj/Air       #.........   97%         5    #####..
 Metabolic Englaciation   Hex/Ice        #.........   97%         5    #####..
 Silence                  Hex/Air        #.........   97%         5    #####..
 Summon Demon             Summ           #.........   97%         5    #####..
 Summon Forest            Summ/Tloc      #.........   97%         5    #####..
 Summon Mana Viper        Hex/Summ       #.......     97%         5    #####..
 Venom Bolt               Conj/Pois      #.........   97%         5    #####..
 Yara's Violent Unravell  Hex/Tmut       #.........   97%         5    #####..
 Bolt of Cold             Conj/Ice       #.........   100%        6    ######.
 Bolt of Fire             Conj/Fire      #.........   100%        6    ######.
 Darkness                 Hex            #.........   100%        6    ######.
 Death Channel            Necr           #.........   100%        6    ######.
 Dispersal                Tloc           #.........   100%        6    ######.
 Freezing Cloud           Conj/Ice/Air   #.........   100%        6    ######.
 Hydra Form               Tmut           #.........   100%        6    ######.
 Invisibility             Hex            #.......     100%        6    ######.
 Ozocubu's Refrigeration  Ice            #.........   100%        6    ######.
 Shadow Creatures         Summ           N/A          100%        6    ######.
 Simulacrum               Ice/Necr       #.........   100%        6    ######.
 Statue Form              Tmut/Erth      #........    100%        6    ######.
 Dragon Form              Tmut           #.........   100%        7    #######
 Malign Gateway           Summ/Tloc      #.........   100%        7    #######
 Ring of Flames           Chrm/Fire      ###.......   100%        7    #######
 Controlled Blink         Tloc           N/A          100%        8    #######
 Disjunction              Tloc           #.........   100%        8    #######
 Ignition                 Fire           #.........   100%        8    #######
 Shatter                  Erth           #.........   100%        9    #######
 Tornado                  Air            #.........   100%        9    #######


Dungeon Overview and Level Annotations

Branches:
Dungeon (15/15)            Temple (0/1) D:6            Lair (6/6) D:8
  Swamp (4/4) Lair:2        Snake (4/4) Lair:3        Slime (0/5) Lair:5
    Orc (2/2) D:11            Elf (3/3) Orc:2        Vaults (5/5) D:13
  Crypt (0/3) Vaults:3     Depths (5/5) D:15            Zot (5/5) Depths:5

Altars:
Dithmenos
Gozag
Hepliaklqana
Makhleb
Okawaru
Qazlal
Trog
Vehumet
The Shining One
Jiyva

Shops:
D:4 [   D:9 (   D:14 [   D:15 :?([   Orc:2 [[[[}   Elf:1 %[   Elf:3 *[
Snake:1 =}}   Vaults:1 [   Vaults:2 =   Vaults:3 %   Depths:1 =[   Depths:2 *%
Depths:5 ?

Portals:
Hell: Lair:6 Depths:1 Depths:2 Depths:3 Depths:4 Depths:5
Abyss: Depths:4 Depths:5
Pandemonium: Depths:3
Ziggurat: Depths:2

Annotations:
D:5 1 runed door
Lair:2 3 runed doors, Juplutso's ghost, journeyman CeHu
Lair:5 1 runed door
Lair:6 exclusion: oklob plant
Swamp:3 3 runed doors, Vogy's ghost, journeyman DDFi
Elf:2 5 runed doors, Roxanne
Depths:2 2 runed doors
Zot:3 1 transporter


Innate Abilities, Weirdness & Mutations

You can spit globs of acid.
You are resistant to acid.
Your golden yellow scales are hard. (AC +12)
You cannot fit into any form of body armour.
You have acidic saliva.
You are cold-blooded and may be slowed by cold attacks.
Your life essence is reduced to manifest your ancestor. (-10% HP)
Your body sometimes deteriorates upon taking damage.
You are somewhat resistant to further mutation.


Message History

The Orb Guardian is severely wounded.
The Orb Guardian hits you!!
You take 29 damage, and have 92/229 hp.
You are too injured to fight recklessly!
You are too injured to fight recklessly!
You slice the Orb Guardian!! Your bite misses the Orb Guardian.
The Orb Guardian is almost dead.
The Orb Guardian hits you! The Orb Guardian hits you!!!
* * * LOW HITPOINT WARNING * * *
Your body deteriorates!
You feel weakened.
An Orb Guardian comes into view.
You take 50 damage, and have 42/229 hp.
MASSIVE DAMAGE!!
Okay, then.
Casting: Regeneration (safe; 3% risk of failure)
Confirm with . or Enter, or press ? or * to list all spells.
You miscast Blink.
You are very lightly contaminated with residual magic.
The air around you crackles with energy!
The Orb Guardian completely misses you. The Orb Guardian hits you!!!
You die...

#...##...## ## ###
########.# # ..#### #.#
.....###### #.#
.....##⌠..# ######.#
##...##...#######...##.##
.........⌠...............
################....##..
#@#### #X# .y. ...!.
....... .......?.
..X........ #...........#


You could see 2 Orb Guardians and a moth of wrath.

Vanquished Creatures
  A juggernaut (Depths:5)
  Sojobo (Vaults:5)
  Xtahua (Vaults:3)
  4 golden dragons
  A bone dragon (Depths:5)
  An electric golem (Zot:1)
  5 tentacled monstrosities
  2 Orb Guardians (Zot:5)
  3 titans
  2 quicksilver dragons
  A lich (Abyss:2)
  A deep elf blademaster (Elf:3)
  A deep elf master archer (Elf:3)
  Frances (Snake:1)
  3 death cobs
  2 tentacled starspawn (Abyss:2)
  4 sphinxes
  5 shadow dragons (Vaults:5)
  3 thorn hunters (Swamp:4)
  Kirke (Snake:3)
  A draconian monk (Zot:4)
  8 storm dragons
  4 nagarajas
  11 fire giants
  4 tengu reavers
  An iron dragon (Depths:4)
  A ghost moth (Zot:1)
  8 draconian scorchers
  7 vault wardens
  5 frost giants
  Louise (Snake:2)
  3 draconian knights
  6 deep elf sorcerers (Elf:3)
  An emperor scorpion (shapeshifter) (Abyss:2)
  A ghoul (Vaults:4)
  2 cacodemons (Depths:2)
  A balrug (Depths:2)
  4 draconian stormcallers
  2 deep elf elementalists (Elf:3)
  A draconian annihilator (Zot:3)
  A draconian shifter (Zot:1)
  16 very ugly things
  9 ironheart preservers
  2 war gargoyles (Vaults:5)
  A caustic shrike skeleton (Depths:1)
  3 green draconians
  21 stone giants
  5 yellow draconians
  3 purple draconians
  A spark wasp (Depths:4)
  6 black draconians
  A minotaur (Lab)
  8 deep elf demonologists
  11 deep elf annihilators
  4 white draconians
  3 red draconians
  7 deep elf death magi
  14 ettins
  10 fire dragons
  Josephine (D:11)
  5 deep elf high priests
  2 jiangshi (Depths:1)
  5 great orbs of eyes
  8 ice dragons
  A rakshasa (D:15)
  19 vault guards
  10 yaktaur captains
  13 naga warriors
  9 ghost crabs
  10 hydras
  A hell beast (Depths:3)
  A shambling mangrove (Swamp:3)
  2 spriggan air magi (Depths:3)
  9 anacondas
  11 alligators
  5 death knights
  12 centaur warriors
  32 two-headed ogres
  Erica (Lair:2)
  13 ogre magi
  23 dancing weapons
  7 deep troll earth magi
  2 tengu warriors
  A death yak (Lair:5)
  10 naga sharpshooters
  2 vampire magi
  6 deep troll shamans
  A thrashing horror (Abyss:2)
  A sun demon (Lair:6)
  10 spriggans
  16 hell knights
  9 deep elf knights
  2 shadow wraiths (Vaults:3)
  4 shock serpents
  A fire crab (shapeshifter) (Vaults:2)
  2 iron trolls (Depths:1)
  2 wretched stars (Abyss:2)
  8 skeletal warriors
  3 flayed ghosts
  A salamander mystic (Snake:1)
  18 deep trolls
  2 unseen horrors
  8 swamp dragons
  13 deep elf archers
  A glowing orange brain (D:15)
  5 naga ritualists
  11 ironbrand convokers
  2 starcursed masses (Abyss:2)
  16 orc knights
  7 spriggan druids
  3 wizards
  4 phantasmal warriors
  12 mana vipers
  A wolf spider zombie (D:15)
  An orb spider (shapeshifter) (D:13)
  55 deep elf magi
  A harpy (shapeshifter) (Vaults:3)
  5 necromancers
  2 orc sorcerers
  7 cyclopes
  4 harpies
  A worldbinder (Abyss:2)
  2 elephants (Lair:6)
  8 salamanders
  2 wolf spiders
  2 manticores
  4 apocalypse crabs (Swamp:1)
  37 ugly things
  16 moths of wrath
  5 vault sentinels
  2 guardian serpents (Snake:3)
  3 rust devils
  20 naga magi
  29 black mambas
  5 orange demons
  A smoke demon (Abyss:2)
  An ice statue (IceCv)
  11 spiny frogs
  A torpor snail (Lair:2)
  A komodo dragon (shapeshifter) (Vaults:3)
  4 spectral swamp worms (Depths:3)
  A gargoyle (Lab)
  2 kobold demonologists (Depths:2)
  8 rime drakes
  A yaktaur zombie (Depths:1)
  6 komodo dragons
  42 yaktaurs
  A tormentor (Abyss:2)
  A demonic crawler (Abyss:2)
  2 hellwings
  A minotaur skeleton (Lab)
  An efreet (Abyss:2)
  4 freezing wraiths
  A yaktaur (shapeshifter) (D:13)
  3 tengu conjurers
  An ice devil (Lair:6)
  2 red devils
  A meliai (shapeshifter) (Vaults:4)
  12 trolls
  A troll (shapeshifter) (Vaults:2)
  A tyrant leech (shapeshifter) (D:15)
  A polar bear (Lair:6)
  12 hornets
  4 tyrant leeches
  3 meliai (D:13)
  A queen bee (shapeshifter) (Vaults:4)
  4 raiju (Abyss:2)
  A slime creature (shapeshifter) (Vaults:2)
  4 hippogriffs
  2 polar bears (shapeshifter)
  40 slime creatures
  4 bog bodies
  A dream sheep (shapeshifter) (Vaults:5)
  7 dream sheep
  A fire giant simulacrum (Vaults:2)
  12 blink frogs
  3 large abominations
  A centaur simulacrum (D:13)
  A shadow (Swamp:4)
  3 ynoxinuls
  11 water elementals
  The ghost of ThyNameIsHubris the Cudgeler, an amateur TrMo (D:5)
  2 air elementals
  3 vampires (Vaults:3)
  A yak (shapeshifter) (Elf:3)
  7 wraiths
  3 wyverns
  2 hogs (Snake:3)
  A hog (shapeshifter) (Vaults:5)
  34 yaks
  4 basilisks
  2 fire elementals
  3 hungry ghosts
  3 neqoxecs
  11 vampire mosquitoes
  3 chaos spawn (Abyss:2)
  An elf skeleton (Depths:1)
  A human simulacrum (Vaults:2)
  A soldier ant (D:10)
  9 wargs
  5 insubstantial wisps
  41 nagas
  12 swamp worms
  2 hell hounds (Lair:6)
  8 water moccasins
  A floating eye (shapeshifter) (Vaults:5)
  A floating eye (Lair:5)
  6 porcupines
  9 swamp drakes
  28 orc warriors
  A black bear (shapeshifter) (Elf:3)
  An eye of draining (D:10)
  14 ice beasts
  A sky beast (D:10)
  15 centaurs
  8 wolves
  45 ogres
  12 boggarts
  8 crocodiles
  An elf simulacrum (Depths:4)
  4 big kobolds
  A gnoll sergeant (D:8)
  16 bullfrogs
  An earth elemental (Elf:2)
  A wyvern skeleton (D:14)
  A knight (D:14)
  5 scorpions
  3 small abominations (Abyss:2)
  3 killer bees (D:11)
  3 wights (D:15)
  An electric eel (Lair:1)
  3 howler monkeys
  A bullfrog zombie (D:5)
  4 crimson imps (Depths:3)
  3 quasits
  5 centaur zombies
  4 hounds
  3 jellies
  14 orc wizards
  2 bullfrog skeletons
  2 iron imps (Depths:3)
  11 orc priests
  A centaur skeleton (D:8)
  6 worker ants
  2 big kobold zombies (Ossuary)
  2 hound zombies
  2 mummies (Ossuary)
  2 worker ant zombies
  12 gnolls
  8 adders
  A shadow imp (D:6)
  An ufetubus (Abyss:2)
  An ooze (D:2)
  2 adder zombies
  A dart slug (D:1)
  3 leopard geckos
  48 orcs
  2 ball pythons
  11 bats
  5 giant cockroaches
  10 goblins
  4 hobgoblins
  10 jackals
  13 kobolds
  2 quokkas
  A ball python skeleton (D:5)
  5 frilled lizards
  A giant cockroach zombie (D:5)
  A goblin zombie (Ossuary)
  2 jackal zombies (Ossuary)
  7 rats
  A rat zombie (Ossuary)
  3 starspawn tentacles (Abyss:2)
1635 creatures vanquished.

Vanquished Creatures (collateral kills)
  A juggernaut (Depths:5)
  A Killer Klown (Zot:3)
  A golden dragon (Zot:3)
  A caustic shrike (Depths:3)
  4 tentacled monstrosities
  A lich (Depths:1)
  2 quicksilver dragons
  2 titans (Vaults:5)
  A sphinx (Vaults:1)
  3 storm dragons
  4 shadow dragons
  A shadow dragon (shapeshifter) (D:15)
  A tengu reaver (Vaults:5)
  2 nagarajas (Snake:4)
  3 draconian knights
  A ghost moth (Zot:4)
  3 fire giants
  A deep elf sorcerer (Elf:3)
  3 frost giants
  3 draconian scorchers
  A draconian shifter (Zot:2)
  4 draconian stormcallers
  5 vault wardens
  A draconian annihilator (Zot:3)
  2 very ugly things
  8 stone giants
  4 black draconians
  2 vampire knights
  A red draconian (Zot:4)
  A yellow draconian (Zot:4)
  A purple draconian (Zot:4)
  4 white draconians
  2 ettins
  A large abomination (Vaults:5)
  A fire dragon (Depths:5)
  5 yaktaur captains
  A crystal guardian (Vaults:4)
  A deep elf high priest (Vaults:5)
  A rakshasa (Depths:4)
  3 great orbs of eyes
  Harold (Orc:1)
  5 ice dragons
  2 spriggan air magi (Depths:4)
  15 hydras
  5 naga warriors
  15 vault guards
  A hell beast (Depths:4)
  A catoblepas (D:13)
  A shambling mangrove (Swamp:2)
  2 centaur warriors
  15 two-headed ogres
  A two-headed ogre (shapeshifter) (Depths:5)
  2 anacondas
  2 dancing weapons
  4 ogre magi
  2 tengu warriors (Depths:1)
  7 alligators
  3 deep troll shamans
  4 death yaks (Lair:5)
  Urug (D:13)
  A spriggan berserker (Depths:5)
  6 naga sharpshooters
  A shock serpent (Snake:3)
  A deep elf knight (Elf:3)
  3 spriggans
  An iron troll (Depths:1)
  A sixfirhy (Depths:3)
  5 skeletal warriors
  A shadow wraith (Abyss:2)
  2 unseen horrors (D:15)
  8 hell knights
  A wizard (Depths:4)
  7 swamp dragons
  13 deep trolls
  A flayed ghost (Vaults:4)
  A deep elf archer (Vaults:1)
  3 naga ritualists
  2 spriggan druids
  A glowing orange brain (Depths:5)
  A lindwurm (Lair:5)
  7 orc knights
  5 ironbrand convokers
  2 harpies (Vaults:4)
  3 mana vipers
  A necromancer (Depths:4)
  4 cyclopes
  2 orc sorcerers
  2 salamanders (Snake:1)
  2 wolf spiders
  7 deep elf magi
  18 ugly things
  3 moths of wrath
  A water nymph (shapeshifter) (D:15)
  An elephant (Lair:6)
  8 black mambas
  A centaur zombie (D:14)
  A guardian serpent (Snake:4)
  A guardian serpent (shapeshifter) (Depths:1)
  9 naga magi
  A rust devil (Depths:2)
  An ice statue (IceCv)
  2 vault sentinels (Vaults:5)
  4 gargoyles
  A spectral swamp worm (Depths:3)
  2 komodo dragons
  5 spiny frogs
  A shock serpent skeleton (Abyss:2)
  14 yaktaurs
  A yaktaur (shapeshifter) (Depths:1)
  2 rime drakes
  3 freezing wraiths
  2 hellwings
  3 ice devils
  2 kobold demonologists (Depths:2)
  A minotaur skeleton (Lab)
  A queen bee (shapeshifter) (D:15)
  A silent spectre (Abyss:2)
  An ancient zyme (Abyss:2)
  5 hornets
  7 trolls
  2 tyrant leeches
  2 tengu conjurers
  2 raiju (Abyss:2)
  10 slime creatures
  12 dream sheep
  3 hippogriffs
  5 blink frogs (Lair:6)
  Grinder (D:3)
  2 bog bodies
  2 shadows (Swamp:4)
  A wraith (D:11)
  A yak (shapeshifter) (Depths:1)
  9 yaks
  A ynoxinul (Abyss:2)
  2 water elementals
  A wyvern (shapeshifter) (Vaults:4)
  A human (shapeshifter) (Vaults:5)
  2 wyverns
  A fire elemental (Elf:2)
  A small abomination (Abyss:2)
  3 basilisks
  A neqoxec (Abyss:2)
  4 vampire mosquitoes
  An insubstantial wisp (Swamp:3)
  3 swamp worms
  4 wargs
  10 nagas
  2 acid dragons
  6 water moccasins
  2 hell hounds (Lair:6)
  3 porcupines
  16 orc warriors
  7 swamp drakes
  3 ice beasts (IceCv)
  2 sky beasts
  23 ogres
  A phantom (D:8)
  3 wolves
  7 centaurs
  2 crocodiles
  A gnoll sergeant (D:11)
  A big kobold (D:14)
  3 bullfrogs
  A scorpion (D:5)
  3 wights (D:11)
  2 howler monkeys
  A vampire bat (Orc:2)
  2 crimson imps
  A bullfrog zombie (D:7)
  3 jellies
  4 hounds
  2 centaur skeletons
  3 orc priests
  An iguana (D:10)
  8 orc wizards
  8 worker ants
  A hound zombie (D:10)
  2 mummies (Ossuary)
  A howler monkey zombie (D:10)
  3 gnolls
  2 adders
  A river rat (D:5)
  2 leopard geckos
  29 orcs
  2 giant cockroaches
  A hobgoblin (D:2)
  4 jackals
  5 bats
  A jackal zombie (Ossuary)
  2 kobold zombies (Ossuary)
  An orc zombie (Ossuary)
  A briar patch (Swamp:4)
  A crawling corpse (Elf:3)
  2 fungi
  2 plants
  A starspawn tentacle (Abyss:2)
647 creatures vanquished.

Vanquished Creatures (others)
  A lich (Depths:4)
  2 draconian knights
  A vault warden (Vaults:5)
  A spriggan berserker (Depths:5)
  3 naga sharpshooters
  A hell knight (Depths:4)
  A spriggan druid (Swamp:1)
  4 deep elf archers
  A deep elf mage (Elf:1)
  3 yaktaurs
  A hornet (shapeshifter) (Elf:2)
  A spriggan (Swamp:3)
  3 humans (Snake:3)
  2 ogres
  A centaur (Vaults:3)
  55 knights
  2 orc zombies (Ossuary)
  4 briar patches (Swamp:4)
  22 fungi
  8 plants
  13 spectral weapons
  3 starspawn tentacles (Abyss:2)
133 creatures vanquished.

Grand Total: 2415 creatures vanquished

Notes
Turn   | Place    | Note
-------+----------+-------------------------------------------
     0 | D:1      | namelastname112 the Draconian Wanderer began the quest for
                  | the Orb.
     0 | D:1      | namelastname112 set off with: a +2 hand axe, a scroll of
                  | teleportation, a wand of random effects (15), a ration
     0 | D:1      | Reached XP level 1. HP: 17/17 MP: 2/2
   228 | D:1      | Reached XP level 2. HP: 20/25 MP: 3/3
   739 | D:2      | Reached XP level 3. HP: 31/31 MP: 4/4
  1045 | D:2      | Found a faded altar of an unknown god.
  1062 | D:2      | Became a worshipper of Hepliaklqana the Forgotten
  1062 | D:2      | Reached * piety under Hepliaklqana
  1424 | D:2      | Reached XP level 4. HP: 23/36 MP: 5/5
  1940 | D:3      | Reached ** piety under Hepliaklqana
  1941 | D:3      | Remembered your ancestor as a knight
  2115 | D:3      | Noticed Grinder
  2126 | D:3      | Paralysed by Grinder for 5 turns
  2162 | D:3      | Killed Grinder
  2162 | D:3      | Reached skill level 5 in Fighting
  2162 | D:3      | Reached XP level 5. HP: 23/43 MP: 6/6
  2416 | D:3      | Reached XP level 6. HP: 50/50 MP: 7/7
  3008 | D:4      | Found a stormy altar of Qazlal.
  3162 | D:4      | Found Rownax's Armour Emporium.
  3478 | D:5      | Entered Level 5 of the Dungeon
  3544 | D:5      | Reached *** piety under Hepliaklqana
  3549 | D:5      | Reached skill level 5 in Dodging
  3549 | D:5      | Your scales start taking on a golden yellow colour.
  3549 | D:5      | Reached XP level 7. HP: 51/56 MP: 8/8
  3745 | D:5      | Found a sand-covered staircase.
  3767 | Ossuary  | Entered an ossuary
  4156 | Ossuary  | Reached XP level 8. HP: 65/65 MP: 9/9
  4258 | D:5      | Found a radiant altar of Vehumet.
  4262 | D:5      | Found an opulent altar of Gozag.
  4264 | D:5      | Found a shadowy altar of Dithmenos.
  4500 | D:5      | Found a runed door.
  4501 | D:5      | Noticed ThyNameIsHubris's ghost (amateur TrMo)
  4517 | D:5      | Killed ThyNameIsHubris's ghost
  4525 | D:5      | Found a runed door.
  4706 | D:6      | Found a staircase to the Ecumenical Temple.
  4877 | D:6      | Reached skill level 1 in Polearms
  4883 | D:6      | Reached XP level 9. HP: 19/74 MP: 10/10
  5267 | D:6      | Reached **** piety under Hepliaklqana
  5316 | D:6      | namelastname112: ??scroll of random
  5316 | D:6      | beem: I don't have a page labeled scroll_of_random in my
                  | learndb.
  5316 | D:6      | namelastname112: ??scroll of random uselessness
  5316 | D:6      | beem: scroll of random uselessness[1/1]: This entry used to
                  | reassemble itself in your head before 0.17!
  5378 | D:7      | Reached skill level 2 in Polearms
  5526 | D:7      | Reached skill level 3 in Polearms
  5942 | D:7      | Reached skill level 4 in Polearms
  6032 | D:7      | Malog: ты че ебнутый
  6303 | D:7      | namelastname112: а че
  6579 | D:8      | Reached skill level 5 in Polearms
  6612 | D:8      | Malog: до сих пор катаешь
  6669 | D:8      | Reached skill level 10 in Fighting
  6967 | D:8      | namelastname112: ну я отдыхал
  6967 | D:8      | namelastname112: часа три
  7098 | D:8      | Found a staircase to the Lair.
  7111 | D:8      | Malog: ещё и обоссался
  7277 | D:8      | Reached skill level 6 in Polearms
  7288 | D:8      | Reached XP level 10. HP: 68/83 MP: 11/11
  7352 | D:8      | Paralysed by a hornet for 2 turns
  8718 | D:9      | Reached ***** piety under Hepliaklqana
  8780 | D:9      | Malog: нахуй тебе этот браток
  8786 | D:9      | namelastname112: рандомный алтарь
  8836 | D:9      | Found Boxucef's Weapon Emporium.
  8849 | D:9      | Malog: почему воин
  8849 | D:9      | Malog: Топор заебок
  8849 | D:9      | namelastname112: остальные говно
  8849 | D:9      | Malog: лучший энчантер же
  8849 | D:9      | namelastname112: его ж нерфили вроде
  8849 | D:9      | Malog: а, хз
  9016 | D:9      | Reached skill level 7 in Polearms
  9107 | D:10     | Entered Level 10 of the Dungeon
  9280 | D:10     | Malog: Ты че сука
  9390 | D:10     | Malog: ладно, пусть
  9390 | D:10     | namelastname112: теперь ты мой братан
  9451 | D:10     | Malog: только поосторожнее с ним
  9482 | D:10     | Malog: А, он всё равно бессмертный))
 10131 | D:10     | Reached skill level 8 in Polearms
 10460 | D:11     | Noticed Josephine
 10473 | D:11     | Killed Josephine
 10750 | D:11     | Reached skill level 9 in Polearms
 10835 | D:11     | Noticed a red ugly thing
 10852 | D:11     | Reached XP level 11. HP: 85/91 MP: 12/12
 10871 | D:11     | Killed a purple ugly thing
 10882 | D:11     | Malog: заебись ты им отманил
 11046 | D:11     | Found a staircase to the Orcish Mines.
 11100 | D:11     | epen: gimme money
 11659 | D:11     | epen: https://www.youtube.com/watch?v=GCuK5eRD6as
 11719 | D:11     | namelastname112: короче фильм смотрю сейчас
 11719 | D:11     | namelastname112: с кейджем
 11719 | D:11     | namelastname112: у него там фанаты иисуса бабу сожгли
 11899 | D:12     | Found a labyrinth entrance.
 11908 | Lab      | Entered a labyrinth
 12269 | Lab      | Reached skill level 10 in Polearms
 12269 | Lab      | Reached skill level 10 in Dodging
 12579 | Lab      | Malog: ну хоть не накормили ей толпу
 12653 | Lab      | epen: !lg namelastname112 killer = ancient_lich log
 12656 | Lab      | beem: No keyword 'ancient_lich'
 12675 | Lab      | namelastname112: да без пробелов пиши
 12699 | Lab      | epen: !lg namelastname112 killer=ancient_lich log
 12708 | Lab      | beem: 1. namelastname112, XL27 DrWn, T:113663:
                  | https://crawl.xtahua.com/crawl/morgue/namelastname112/morgu
                  | e-namelastname112-20181015-184657.txt
 12735 | Lab      | epen: !lg namelastname112 killer=ancient_lich
 12739 | Lab      | beem: 1. namelastname112 the Bringer of Light (L27 DrWn of
                  | The Shining One), blasted by an ancient lich (crystal
                  | spear) on Tomb:2 (tomb_2) on 2018-10-15 18:46:57, with
                  | 995966 points after 113663 turns and 3:40:18.
 13092 | Lab      | epen: https://soundcloud.com/peridarren/april-sweatpants
 13366 | Lab      | Malog: сейчас умрёшь
 13370 | Lab      | Malog: от голода
 13415 | Lab      | Identified the +3 plate armour "Kiguta" {rPois rF+ rC+ rN+}
 13415 | Lab      | Identified the ring "Soczeakoqu" {rF+ Dex+4 Stlth+}
 13415 | Lab      | Noticed a minotaur
 13429 | Lab      | Malog: с посохом
 13440 | Lab      | Killed a minotaur
 13445 | Lab      | Malog: А как он ударяет так посохом?
 13459 | Lab      | Identified Sif Muna's Catalogue of Calling
 13461 | Lab      | namelastname112: ну бля
 13461 | Lab      | namelastname112: у мобов как
 13461 | Lab      | namelastname112: у них есть их урон
 13461 | Lab      | epen: Ебать
 13461 | Lab      | namelastname112: +урон от оружия
 13461 | Lab      | epen: Слыш
 13461 | Lab      | namelastname112: у минотавра и с руки урон ебанись
 13461 | Lab      | Malog: рогами нахуячил
 13461 | Lab      | epen: Вот ты когда на ютуб зайдёшь в след раз и увидишь
                  | видео с названием
 13461 | Lab      | epen: ЮНАЯ ЧЕМПИОНКА
 13461 | Lab      | epen: с рыжей сучкой на превью
 13461 | Lab      | namelastname112: лол
 13461 | Lab      | namelastname112: видел уже
 13461 | Lab      | namelastname112: да
 13461 | Lab      | epen: Не смей включать до завтрашнего дня
 13461 | Lab      | namelastname112: не стал смотреть
 13461 | Lab      | Malog: че там
 13461 | Lab      | epen: мемы
 13461 | Lab      | namelastname112: завтра глянем
 13622 | Lab      | Malog: нахуй ты это сделал
 13656 | Lab      | namelastname112: да я бля
 13656 | Lab      | namelastname112: слоу не заметил на себе
 13656 | Lab      | namelastname112: думал ща читну и выйду
 13656 | Lab      | Malog: лол
 13656 | Lab      | namelastname112: а то меня там ждут
 13780 | Lab      | Malog: а че алебарду-то одел
 13785 | Lab      | Malog: нет ничего лучше?
 13812 | D:11     | epen: Эт самое
 13812 | D:11     | epen: В дока 2 когда пойдём?
 13812 | D:10     | namelastname112: лол
 13812 | D:10     | namelastname112: там же кишки
 13812 | D:10     | namelastname112: ты че
 13813 | D:11     | Malog: что за док
 13823 | D:11     | epen: Пиздец конечно этот фильм ебаный
 13875 | D:12     | epen: Растроился пиздец
 14060 | D:12     | epen: В общем-то я знал, что он говно
 14081 | D:12     | epen: Но думал хоть людей будут убивать интересно
 14081 | D:12     | namelastname112: нахуй ты его смотрел вообще
 14081 | D:12     | namelastname112: ебобо
 14081 | D:12     | epen: Да бля
 14081 | D:12     | namelastname112: там по трейлеру все ясно
 14082 | D:12     | epen: Я думал это как пункт назначения
 14153 | D:12     | epen: А пункт назначения хоть и говно
 14444 | D:12     | epen: но на людей умирающих интересно смотреть
 14446 | D:12     | epen: лол
 14461 | D:12     | Killed an unseen horror
 14461 | D:12     | Reached skill level 11 in Polearms
 14478 | D:12     | epen: малог обиделся, что его игнорят
 14493 | D:12     | Noticed a tengu warrior
 14523 | D:12     | Killed a tengu warrior
 14523 | D:12     | Reached XP level 12. HP: 24/100 MP: 13/13
 14971 | D:12     | Got a steaming long sword
 14972 | D:12     | Identified the cursed +3 long sword "Doel Olay" {speed,
                  | rElec rF+ rC+ rN+} (You found it on level 12 of the
                  | Dungeon)
 14974 | D:12     | namelastname112: лел
 14974 | D:12     | namelastname112: вот это меч
 14996 | D:12     | Noticed a five-headed hydra
 15013 | D:12     | epen: почти как Конан Доель
 15050 | D:12     | epen: Только Оля Конан
 15204 | D:13     | Noticed Urug
 15216 | D:13     | Killed Urug
 15420 | D:13     | Reached ****** piety under Hepliaklqana
 15723 | D:13     | Reached skill level 12 in Polearms
 15744 | D:13     | Noticed a catoblepas
 15753 | D:13     | Killed a catoblepas
 16035 | D:13     | Found a gate to the Vaults.
 16035 | D:13     | Noticed a vault guard
 16035 | D:13     | Noticed a vault guard
 16035 | D:13     | Noticed a vault guard
 16035 | D:13     | Noticed a vault guard
 16057 | D:13     | Killed a vault guard
 16062 | D:13     | Killed a vault guard
 16067 | D:13     | Killed a vault guard
 16120 | D:13     | Killed a vault guard
 16120 | D:13     | Reached skill level 1 in Invocations
 16786 | D:13     | Noticed a four-headed hydra
 16797 | D:13     | Killed a five-headed hydra
 16954 | D:13     | Reached skill level 13 in Polearms
 17403 | D:14     | Reached XP level 13. HP: 109/109 MP: 14/14
 18027 | D:14     | namelastname112: ебать там кейдж машет
 18208 | D:14     | Found Noege's Armour Emporium.
 18379 | D:14     | Noticed a fire dragon
 18401 | D:14     | Killed a fire dragon
 18405 | D:14     | Noticed a frost giant
 18649 | D:14     | Killed a frost giant
 18868 | D:14     | Reached skill level 14 in Polearms
 18868 | D:14     | Reached skill level 5 in Invocations
 18901 | D:14     | Got a crystal hand crossbow
 18902 | D:14     | Identified the +5 hand crossbow of Uncertain Death {elec,
                  | rC+ Str+2} (You took it off a death knight on level 14 of
                  | the Dungeon)
 19200 | D:15     | Entered Level 15 of the Dungeon
 19200 | D:15     | Found Lahewup's Antique Armour Boutique.
 19376 | D:15     | Found Fekojato's Weapon Shop.
 19563 | D:15     | Found Celavas's Book Shoppe.
 19663 | D:15     | Found Xaxas's Magic Scroll Emporium.
 19798 | D:15     | Gained mutation: You have acidic saliva. [Yellow Draconian
                  | growth]
 19798 | D:15     | Reached XP level 14. HP: 96/118 MP: 18/18
 20348 | D:15     | Found a staircase to the Depths.
 20441 | D:15     | Reached skill level 15 in Polearms
 20690 | D:15     | Noticed an iron giant
 20712 | D:15     | Noticed a golden dragon
 20717 | D:15     | Noticed a shadow dragon
 20717 | D:15     | a golden dragon changed into a shadow dragon
 20780 | D:15     | Killed a shadow dragon
 21149 | Lair:1   | Entered Level 1 of the Lair of Beasts
 21178 | Lair:1   | Found a frozen archway.
 21198 | IceCv    | Entered an ice cave
 22617 | Lair:2   | Found a staircase to the Swamp.
 22747 | Lair:2   | Noticed Erica
 22756 | Lair:2   | Killed Erica
 22784 | Lair:2   | Found a runed gate.
 22785 | Lair:2   | Found a runed gate.
 22786 | Lair:2   | Found a runed gate.
 23063 | Lair:2   | Noticed Juplutso's ghost (journeyman CeHu)
 23358 | Lair:3   | Found a staircase to the Snake Pit.
 23408 | Lair:3   | epen: Срут
 23456 | Lair:3   | epen: я
 23856 | Lair:3   | Identified a scroll of acquirement
 24033 | Lair:4   | Reached XP level 15. HP: 125/125 MP: 21/21
 24143 | Lair:4   | Reached skill level 15 in Fighting
 24166 | Lair:4   | epen: Очень полезное занятие
 24276 | Lair:4   | Reached skill level 16 in Polearms
 25205 | Lair:5   | Noticed Nessos
 25213 | Lair:5   | Noticed Nessos
 25213 | Lair:5   | Nessos changed into Nessos the floating eye
 25215 | Lair:5   | Killed Nessos the floating eye
 25302 | Lair:5   | Found a runed door.
 25302 | Lair:5   | Found a viscous altar of Jiyva.
 25303 | Lair:5   | Found a staircase to the Slime Pits.
 25707 | Lair:5   | Got a pair of steaming boots
 25718 | Lair:5   | Identified the +1 pair of boots of the Bagpipe {Str+2} (You
                  | acquired it on level 5 of the Lair of Beasts)
 26145 | Lair:5   | Reached XP level 16. HP: 134/134 MP: 21/23
 26210 | Lair:6   | Entered Level 6 of the Lair of Beasts
 26248 | Lair:6   | epen: умер
 26565 | Lair:6   | Found a burning altar of Makhleb.
 26639 | Lair:6   | Identified the +3 bardiche of Fimbulwinter {vamp, Dex+2}
 26677 | Lair:6   | Found a gateway to Hell.
 26930 | Lair:6   | Reached skill level 17 in Polearms
 26956 | Lair:6   | Reached skill level 10 in Invocations
 27871 | Orc:1    | Entered Level 1 of the Orcish Mines
 27873 | Orc:1    | Found an iron altar of Okawaru.
 27885 | Orc:1    | Noticed Harold
 27901 | Orc:1    | Killed Harold
 28341 | Orc:2    | Entered Level 2 of the Orcish Mines
 28345 | Orc:2    | Found Sisma's Armour Boutique.
 28406 | Orc:2    | Found a staircase to the Elven Halls.
 28419 | Orc:2    | Found Fyempic's Antique Armour Emporium.
 28421 | Orc:2    | Found Ezekolik's Armour Emporium.
 28424 | Orc:2    | epen: ожил блять
 28462 | Orc:2    | epen: Найс фильм?
 28466 | Orc:1    | namelastname112: ну такой
 28466 | Orc:1    | namelastname112: ебанутый
 28685 | Orc:2    | Reached XP level 17. HP: 74/142 MP: 24/24
 28985 | Orc:2    | Found Reset's Armour Boutique.
 28994 | Orc:2    | Found Nyqiukk's Gadget Shoppe.
 29021 | Orc:2    | Bought a +2 pair of gloves of dexterity for 279 gold pieces
 29183 | Orc:2    | Found a bloodstained altar of Trog.
 29647 | Snake:1  | Entered Level 1 of the Snake Pit
 29800 | Elf:1    | Entered Level 1 of the Elven Halls
 29939 | Elf:1    | Found Bokhirahe's Food Emporium.
 30238 | Elf:1    | Reached skill level 18 in Polearms
 30353 | Elf:1    | Got an iridescent halberd
 30354 | Elf:1    | Identified the cursed +1 halberd of the Saviour {venom,
                  | Int+7} (You found it on level 1 of the Elven Halls)
 30402 | Elf:1    | Found Batezu Pey's Antique Armour Shoppe.
 30624 | Elf:2    | Noticed Roxanne
 31360 | Elf:2    | Got a dazzling glaive
 31362 | Elf:2    | Identified the +12 glaive "Igham" {chop, rC+ MP+9 Dex+2}
                  | (You found it on level 2 of the Elven Halls)
 31557 | Elf:2    | Noticed an Ice Fiend
 31729 | Elf:2    | Found a huge runed gate.
 31732 | Elf:2    | Found a huge runed gate.
 31732 | Elf:2    | Found a huge runed gate.
 31734 | Elf:2    | Found a huge runed gate.
 31734 | Elf:2    | Found a huge runed gate.
 32022 | Elf:3    | Entered Level 3 of the Elven Halls
 32692 | Elf:3    | Found Ycesaes's Antique Armour Emporium.
 32740 | Elf:3    | Found Haesch's Assorted Antiques.
 32906 | Elf:3    | Noticed a deep elf blademaster
 32930 | Elf:3    | Killed a deep elf blademaster
 32930 | Elf:3    | Reached XP level 18. HP: 83/151 MP: 27/27
 33495 | Elf:3    | Identified the amulet of the Stallion {RegenMP *Contam
                  | rElec Int+8}
 33498 | Elf:3    | Cast into level 2 of the Abyss (a deep elf sorcerer)
 33506 | Abyss:2  | Found a corrupted altar of Lugonu.
 33550 | Abyss:2  | Found a corrupted altar of Lugonu.
 33672 | Abyss:2  | Reached skill level 19 in Polearms
 34160 | Elf:3    | Escaped the Abyss
 34190 | Elf:3    | Identified the cursed +1 long sword "Lyhall" {antimagic,
                  | -Tele rC++ rN++}
 34193 | Elf:3    | Identified the +1 mace of Jamoker {drain, rC+}
 34225 | Elf:3    | Reached skill level 15 in Dodging
 34235 | Elf:3    | Identified the +4 leather armour of Woubop {rPois rC+ Str+3
                  | Int+5}
 34601 | Elf:3    | Identified the +0 leather armour of the Engineer {Str+6}
 34935 | Elf:3    | Identified the cursed +1 battleaxe "Beetlebane" {elec,
                  | rElec MP-9 Int+2}
 35131 | Elf:3    | Identified Ihextoh's Compendium of Torrid Hexes
 35223 | Elf:3    | Goblin1989: дампани
 35488 | Snake:1  | Noticed Frances
 35808 | Snake:1  | Killed Frances
 36364 | Snake:1  | Got a fine arbalest
 36365 | Snake:1  | Identified the cursed +1 arbalest of Disembowelment {elec,
                  | SInv} (You found it on level 1 of the Snake Pit)
 36885 | Snake:1  | Reached XP level 19. HP: 128/160 MP: 29/29
 36893 | Snake:1  | Learned a level 2 spell: Blink
 36897 | Snake:1  | Learned a level 3 spell: Spectral Weapon
 36901 | Snake:1  | Learned a level 3 spell: Regeneration
 36901 | Snake:1  | Goblin1989: придумал новый наркоманский способ прохождения?
                  | после всего данжа не орки, а лэйер, но сразу после орков
                  | эльфы?
 36901 | Snake:1  | epen: https://www.youtube.com/watch?v=sxG4Br-dpms
 36901 | Snake:1  | namelastname112: ну я так обычно и делаю
 36901 | Snake:1  | namelastname112: удобно
 37009 | Snake:1  | Reached skill level 20 in Polearms
 37009 | Snake:1  | Reached skill level 1 in Spellcasting
 37009 | Snake:1  | Reached skill level 1 in Charms
 37045 | Snake:1  | Found Leka's Jewellery Shop.
 37045 | Snake:1  | Found Gioshe's Gadget Emporium.
 37046 | Snake:1  | Goblin1989: раньше ты сосле данжа орков делал
 37046 | Snake:1  | Found Xirecaja's Gadget Emporium.
 37053 | Snake:1  | Bought the amulet "Taut" {rF+ MR+ Regen+ Str-3 SInv} for
                  | 617 gold pieces
 37056 | Snake:1  | Goblin1989: епен, я нифига не понял в том видео, видимо для
                  | этого в вовку нужно поиграть немного
 37172 | Snake:1  | Goblin1989: а я не играл в нее вообще ни разу
 37221 | Snake:1  | epen: Да не
 37245 | Snake:1  | epen: Забей вообще
 37340 | Snake:2  | epen: И даже не интересуйся
 37387 | Snake:2  | epen: Я серьёзно
 37430 | Snake:2  | Goblin1989: я стараюсь, но развидить не получается :(
 37430 | Snake:2  | Noticed Louise
 37449 | Snake:2  | Killed Louise
 37595 | Snake:2  | Goblin1989: я серьезно стараюсь :)
 37978 | Snake:3  | epen: Вот
 37999 | Snake:3  | epen: лучше вот это посмотри
 38002 | Snake:3  | epen: https://www.youtube.com/watch?v=LKH9zSaRmyA
 38162 | Snake:3  | Noticed Kirke
 38173 | Snake:3  | Killed Kirke
 38197 | Snake:3  | Goblin1989: буэ
 38540 | Snake:3  | Goblin1989: мне такое не очень нравится
 38835 | Snake:4  | Entered Level 4 of the Snake Pit
 38836 | Snake:4  | Goblin1989: я предпочитаю смотреть как всякие самоделки
                  | делают или столятку всякую
 38859 | Snake:4  | Found a flickering gateway to a bazaar.
 38866 | Snake:4  | epen: Например?
 38868 | Bazaar   | Entered a bazaar
 38872 | Bazaar   | Found Gepp's Antique Weapon Boutique.
 38891 | Bazaar   | Found Peabb's Antique Weapon Emporium.
 38908 | Bazaar   | Found Jonoenk's Book Boutique.
 38925 | Bazaar   | Found Uhio's Antique Armour Shoppe.
 39075 | Snake:4  | Goblin1989: мэдмэн иногда прикольные видосики выкладывает,
                  | или heartwood
 39431 | Snake:4  | Goblin1989: ну или вообще дискавери смотрю или что-нибудь
                  | научно-позновательное
 39582 | Snake:4  | Reached skill level 5 in Charms
 39605 | Snake:4  | Reached skill level 5 in Spellcasting
 39917 | Snake:4  | Goblin1989: студентом тащился от мозголомов и разрушителей
                  | мифов, но у нас инета просто не было тогда
 40213 | Snake:4  | epen: Гоблин
 40220 | Snake:4  | epen: Есть соль дома?
 40220 | Snake:4  | Reached XP level 20. HP: 113/169 MP: 30/30
 40225 | Snake:4  | Goblin1989: а?
 40265 | Snake:4  | Goblin1989: лол
 40316 | Snake:4  | Goblin1989: ну я думаю мне далековато до тебя
 40318 | Snake:4  | Got a serpentine rune of Zot
 40494 | Snake:4  | Goblin1989: да и до дома тоже не близко сейчас, я на работе
 40738 | Swamp:1  | Entered Level 1 of the Swamp
 40795 | Swamp:1  | epen: А где работаешь?
 40879 | Swamp:1  | Goblin1989: в больничке
 40969 | Swamp:1  | Found a runed door.
 41011 | Swamp:1  | Goblin1989: но до работы мне минут 5 пешком
 41016 | Swamp:1  | epen: Много людей спас?
 41035 | Swamp:1  | epen: Сколько рун вытащил?
 41064 | Swamp:1  | Goblin1989: ну
 41108 | Swamp:1  | Goblin1989: дай вспомнить
 41861 | Swamp:1  | Goblin1989: 5*600+300 стационарных больных
 41966 | Swamp:2  | Goblin1989: плюс еще фуева туча амбулаторных
 42034 | Swamp:2  | epen: ебать
 42149 | Swamp:2  | Goblin1989: но именно умирающих было мало, может человек
                  | 30-40
 42149 | Swamp:2  | epen: И как?
 42149 | Swamp:2  | epen: Доволен своей работой?
 42149 | Swamp:2  | Goblin1989: плюс двое родов принял самостоятельно
 42489 | Swamp:3  | Found a runed gate.
 42708 | Swamp:2  | Goblin1989: да мне норм, я уже привык
 42739 | Swamp:3  | Noticed Vogy's ghost (journeyman DDFi)
 42780 | Swamp:3  | Goblin1989: вон, в кравле часто торчать умудряюсь
 42903 | Swamp:3  | Goblin1989: бля, у меня че-то чатик затупил
 43233 | Swamp:3  | Found a runed gate.
 43234 | Swamp:3  | Found a runed gate.
 43627 | Swamp:4  | Entered Level 4 of the Swamp
 43653 | Swamp:4  | Goblin1989: надо комп отвезти адменам нашим, пусть
                  | термопасту поменяют, он уже год как глючит
 43701 | Swamp:4  | epen: а чё
 43703 | Swamp:4  | epen: сам не можешь?
 44303 | Swamp:4  | Got a decaying rune of Zot
 44729 | Swamp:4  | Goblin1989: ну я как бы не делал неи разу, попробовать
                  | могу, но боюсь поломать чего-нибудь, у нас компы это
                  | дефицит, я свой ждал года 3 наверное.
 45175 | Vaults:1 | Entered Level 1 of the Vaults
 45296 | Vaults:1 | Reached XP level 21. HP: 143/176 MP: 34/34
 46200 | Vaults:1 | Found Xies's Antique Armour Boutique.
 46581 | Vaults:2 | Goblin1989: правда я все это время за другим сидел, но ту
                  | штуковину даже компом называть не хочется. атом 1 ггрц, 512
                  | оперативки, моник старинный, элт еще который, дюймов на 15
 46749 | Vaults:2 | Reached skill level 10 in Charms
 46799 | Vaults:2 | Reached skill level 10 in Spellcasting
 46809 | Vaults:2 | epen: Бля
 46817 | Vaults:2 | epen: Это просто
 46840 | Vaults:2 | epen: попробуй как-нибудь
 46882 | Vaults:2 | Goblin1989: ну как сказать
 47080 | Vaults:2 | Found Denkut's Jewellery Shop.
 47248 | Vaults:2 | Reached skill level 21 in Polearms
 47530 | Vaults:2 | Goblin1989: конечно не сложно, я же не играл за ним. меня
                  | больше моник бесил
 47740 | Vaults:3 | Found a staircase to the Crypt.
 47958 | Vaults:3 | epen: И вообще
 48014 | Vaults:3 | epen: С чего вообще взял, что комп лагает из-за пасты?
 48084 | Vaults:3 | Noticed Xtahua
 48102 | Vaults:3 | Killed Xtahua
 48158 | Vaults:3 | Goblin1989: я уже не говорю про наши медицинские проги.
                  | сейчас они более-менее терпимыми стали, а в 2010 это просто
                  | глючное говно было
 48459 | Vaults:3 | Reached XP level 22. HP: 179/185 MP: 36/36
 48540 | Vaults:3 | Goblin1989: остались только железяки, я програмные проблемы
                  | все проверил
 48716 | Vaults:3 | Found Ywohir's Food Emporium.
 48979 | Vaults:4 | Goblin1989: у мне с железяками больше всего проблем, потому
                  | что програмные я сам привык решать, там все исправить можно
                  | святым быкапом :D
 49958 | Vaults:4 | epen: Денег ведь, считай, ни за что возьму
 50202 | Vaults:1 | namelastname112: ??spectral weapon
 50202 | Vaults:1 | beem: spectral weapon[1/3]: Creates an allied spectral
                  | clone of your wielded weapon, which strikes enemies in
                  | melee when you do. Damage it takes is shared with you. Its
                  | HD, damage, EV, AC and HP scale with spellpower.
 50202 | Vaults:1 | namelastname112: ??spectral weapon [2
 50202 | Vaults:1 | beem: spectral weapon[2/3]: Works with most artifacts, but
                  | not with Singing Sword, Mace of Variability, Sword of
                  | Power, Staff of Wucad Mu, Sceptre of Torment, Sword of
                  | Zonguldrok, and Devastator.
 50202 | Vaults:1 | namelastname112: ??spectral weapon [3
 50202 | Vaults:1 | beem: spectral weapon[3/3]: It's not considered an ally, so
                  | it doesn't reduce experience and it still works for Ru
                  | followers who have sacrificed love.
 50308 | Depths:1 | Entered Level 1 of the Depths
 50959 | Depths:1 | Found Faniw's Jewellery Shoppe.
 50967 | Depths:1 | Found Hubymief's Antique Armour Shoppe.
 51160 | Depths:1 | Found a glowing golden altar of the Shining One.
 51454 | Depths:2 | Found Oginacox's Food Shop.
 51593 | Depths:2 | Reached skill level 22 in Polearms
 51672 | Depths:2 | Found Qyuhuonist's Demolitions Depot.
 51840 | Depths:2 | Found a gateway to a ziggurat.
 51858 | Depths:2 | Reached XP level 23. HP: 153/195 MP: 37/37
 52192 | Depths:2 | Found a runed door.
 52199 | Depths:2 | Found a runed door.
 52202 | Depths:2 | Gained mutation: Your spells are a little easier to cast,
                  | but a little less powerful. [a cacodemon]
 52209 | Depths:2 | Lost mutation: Your spells are a little easier to cast, but
                  | a little less powerful. [potion of mutation]
 52209 | Depths:2 | Gained mutation: Your body sometimes deteriorates upon
                  | taking damage. [potion of mutation]
 52209 | Depths:2 | Gained mutation: You are somewhat resistant to further
                  | mutation. [potion of mutation]
 52318 | Depths:2 | Found a burning altar of Makhleb.
 52330 | Depths:2 | Identified the Handbook of Ghastly Earth
 52338 | Depths:2 | Identified the Compendium of Evil Beguiling
 52930 | Depths:3 | HP: 4/196 [deep troll (13)]
 53302 | Depths:3 | Found the -2 hat of the Alchemist {rElec rPois rF+ rC+ rN+
                  | MR+ rMut rCorr}
 53396 | Depths:3 | Goblin1989: ох, алхимик!
 53450 | Depths:3 | Found a gateway to a bazaar.
 53463 | Bazaar   | Entered a bazaar
 53463 | Bazaar   | Found Jufixt's Book Shop.
 53471 | Bazaar   | Found Nexze's Distillery.
 53479 | Bazaar   | Bought a potion of heal wounds for 55 gold pieces
 53479 | Bazaar   | Found Cioso's Antique Armour Emporium.
 53488 | Bazaar   | Found Fosm's Jewellery Shoppe.
 53700 | Depths:3 | Noticed a caustic shrike
 53786 | Depths:3 | Killed a caustic shrike
 54171 | Depths:3 | Found a one-way gate leading to the halls of Pandemonium.
 54979 | Depths:4 | Found a one-way gate to the infinite horrors of the Abyss.
 55230 | Depths:4 | Found a runed door.
 55276 | Depths:4 | Reached XP level 24. HP: 102/207 MP: 37/37
 55281 | Depths:4 | Reached skill level 23 in Polearms
 55442 | Depths:4 | Identified the Incunabulum of Evil and Arcane Weapons
 55654 | Depths:5 | Entered Level 5 of the Depths
 56472 | Depths:5 | Found a gate to the Realm of Zot.
 56639 | Depths:5 | Noticed a juggernaut
 56660 | Depths:5 | Noticed a juggernaut
 56675 | Depths:5 | Killed a juggernaut
 56723 | Depths:5 | Found Liump's Magic Scroll Shop.
 57089 | Depths:5 | Killed a juggernaut
 57546 | Vaults:5 | Entered Level 5 of the Vaults
 57966 | Vaults:5 | Goblin1989: я вот как-то раз за самоном спрятался от
                  | кого-то, а тот атаку задоджил и мне в лицо смертельный урон
                  | пришел
 58032 | Vaults:5 | Reached XP level 25. HP: 110/218 MP: 37/37
 58033 | Vaults:5 | Identified the cursed ring of Freedom {rElec rPois Dex+4
                  | Slay-4}
 58203 | Vaults:5 | Identified the ring of the Jester {Slay+3 Stlth-}
 58294 | Vaults:5 | Reached skill level 24 in Polearms
 58497 | Vaults:5 | Got a silver rune of Zot
 58625 | Vaults:5 | Identified the cursed +0 plate armour of Eternal Vigilance
                  | {rF+ rC+ Dex-3 Stlth+}
 58632 | Vaults:5 | Identified the +6 hunting sling "Ekysocumm" {flame, rElec
                  | rN+ MR+++ MP-9}
 58669 | Vaults:5 | Identified the amulet "Mifaep" {Spirit MR+ Int+4 Dex+3}
 58673 | Vaults:5 | Noticed Sojobo
 58696 | Vaults:5 | Killed Sojobo
 58814 | Vaults:5 | Identified the +11 shortbow of Geppeom {freeze, MR+}
 58814 | Vaults:5 | Identified the amulet "Nutugarch" {Faith rF+ Int+2}
 59077 | Vaults:5 | Identified the Reference Book on Feathery Ignition
 59250 | Vaults:5 | Identified A Beginning Course on Thaumaturgy
 59522 | Vaults:5 | Identified the Volume of Harmful Flames
 59980 | Zot:1    | Entered Level 1 of the Realm of Zot
 61556 | Zot:2    | Reached XP level 26. HP: 177/228 MP: 37/37
 62272 | Zot:3    | Noticed an ancient lich
 62276 | Zot:3    | Found a transporter.
 62277 | Zot:3    | Found a radiant altar of Vehumet.
 62300 | Zot:3    | Noticed an ancient lich
 62314 | Zot:3    | Noticed an orb of fire
 62629 | Zot:4    | Reached skill level 25 in Polearms
 63781 | Zot:5    | Entered Level 5 of the Realm of Zot
 64078 | Zot:5    | Slain by an Orb Guardian

Vault maps used:
D:1:      lightli_arrival_quake, hex_tiny
D:2:      chequers_ecumenical_altar_simple_redux
D:3:      wad_lake_hut, uniq_grinder
D:4:      nicolae_qazlal_general_emergency, serial_bayou, serial_bayou_lake_a,
          serial_bayou_lagoon_a, serial_bayou_pond_e, serial_bayou_pond_e,
          serial_shops, nicolae_shop_crystal
D:5:      grunt_temple_overflow_open, ebering_ghost_sewer_f, enter_ossuary_2,
          first_ration, corexii_corridor_pit
D:6:      minmay_temple_entry_trees
D:7:      grunt_ogre_cave
D:8:      erik_lair_orcish_takeover
D:9:      serial_shops, nicolae_shop_statue_plus
D:10:     st_stairs_4
D:11:     kennysheep_orc_monster_closet_entryway, uniq_josephine
D:12:     lab_entry_generic
D:13:     minmay_blocky_corners, lightli_vaults_fourway_checkpoint,
          kennysheep_generic_room_14, uniq_urug
D:14:     wad_guarded_room, hangedman_decor_growths, kennysheep_small_square
D:15:     gammafunk_enter_depths_forms, glass_columns_a, serial_shops,
          shop_fountains, shop_fountains, shop, shop, minmay_crystal_room
Lair:1:   statuecave_lemuel, portal_ice_cave_demonic_guard
Lair:2:   minmay_swamp_entry_wisps, maelrawn_ghost_labyrinth_escape, uniq_erica
Lair:3:   guppyfry_snake_entry_island
Lair:4:   grunt_megastairs_5, lemuel_fruit_tree
Lair:5:   slime_altar_2, nicolae_quartered_pool_medium, minivault_24,
          grunt_megastairs_4, uniq_nessos
Lair:6:   evil_forest, grunt_megastairs_1
Swamp:1:  gammafunk_mikee_crab_dinner, evilmike_swamp_ruin_house_5
Swamp:2:  evilmike_swamp_ruin_house_4, swamp_pool4
Swamp:3:  gammafunk_ghost_hydra_chop, nicolae_swamp_fairy_circle, swamp_pool1,
          st_swamp_ruins_4
Swamp:4:  swamp
Snake:1:  nicolae_snake_salamander_stairs, minmay_shop_grove, uniq_frances
Snake:2:  nicolae_snake_double_loop, uniq_louise
Snake:3:  fake_guardian_serpent_vault, uniq_kirke
Snake:4:  snake_pit, serial_shops, freezing_bzr, basic_stair_grate_trap
Orc:1:    okawaru_metal_pillars_1_2, uniq_harold
Orc:2:    st_orc_open, serial_shops, nicolae_shop_crystal, roderic_batcave,
          bloody_trog
Elf:1:    minmay_elf_arrival_summoners, hangedman_elven_crosses_minicolossus,
          minmay_shoptagon
Elf:2:    lemuel_flamethrower_hall, uniq_roxanne
Elf:3:    minmay_elf_hall_x, serial_shops, shop_statue,
          nicolae_shop_behind_doors, minmay_misc_feat_alley, grunt_ministairs_11
Vaults:1: vaults_room_stairs_pillars, nicolae_vaults_network_barrier,
          nicolae_vaults_circle_grid_b, nicolae_vaults_c_with_doors,
          v_pattern_1, vaults_standard_mumra_enter_the_diamond,
          nicolae_vaults_diagonal_hallway_9, ontoclasm_vaults_chip,
          nicolae_vaults_asterisk, v_alt_pattern_4, nicolae_vaults_rhombus_6,
          ontoclasm_vaults_pinch, grunt_vaults_focal,
          nicolae_vaults_little_squares_6, ontoclasm_vaults_eye, serial_shops,
          nicolae_shop_trees
Vaults:2: v_rooms_2, special_room_vaults, vaults_room_semicircle,
          vaults_mumra_minichess, vaults_room_large_hall, vaults_room_boxed,
          nicolae_vaults_network_s, nicolae_vaults_little_squares_6,
          dpeg_vaults_monster_row, ontoclasm_vaults_decontamination,
          serial_shops, shop
Vaults:3: vaults_room_pool, minmay_crypt_entry_vampire_xt,
          nicolae_vaults_little_squares_3, nicolae_vaults_asterisk,
          vaults_room_door_ring, v_misc_22, v_misc_22, st_more_cells,
          hangedman_vaults_trim, nicolae_vaults_gold_heap, serial_shops, shop,
          uniq_xtahua
Vaults:4: nicolae_vaults_network_quincunx, v_misc_29, hangedman_vaults_trim,
          v_misc_22, v_rooms_4, hangedman_vaults_corner_blocks,
          vaults_dpeg_spiral, nicolae_vaults_windows_and_doors_thing,
          hangedman_vaults_trim, nicolae_vaults_diagonal_hallway_6,
          vaults_room_fancy_cross, nicolae_vaults_little_ls
Vaults:5: serial_shops, uniq_sojobo
Depths:1: pf_vacation_house_of_asmodeus, kennysheep_big_empty_room,
          tso_metal_star, minmay_shop_star, firewood_loft
Depths:2: evilmike_makhleb_hellhole, enter_ziggurat_a,
          hangedman_abyss_or_decor_stabs, serial_shops, shop,
          grunt_hell_entry_dis_grunt, hangedman_abyss_or_decor_jellyfish_corner,
          spider_trap, nicolae_blasting_shop
Depths:3: kennysheep_windowed_halls, pf_hell_entry_tar_river,
          grunt_pan_entry_sceptre, serial_shops, bzr_entry_islet,
          minmay_misc_feat_five, minmay_holes
Depths:4: minmay_the_grid_triangle_9x9_line_8_mashed, abyss_entry,
          serial_sigils_hangedman_scratch, grunt_mini_vestibule,
          minmay_misc_feat_hallway, hangedman_decor_riveting,
          infiniplex_staircase_zigzag_5
Depths:5: grunt_zot_entry_gee_three, hangedman_abyss_entry_splay, serial_shops,
          shop, hell_entry, minmay_misc_feat_tiny, hex_medium,
          lightli_corner_chamber, serial_bayou_shore_b
Zot:3:    gammafunk_sealed_library, nicolae_lava_and_water
Zot:4:    lemuel_draconian_sentries
Zot:5:    basic_stair_grate_trap
Abyss:2:  hangedman_decor_points
Lab:      labyrinth_spiral, nicolae_lab_do_over, labyrinth_skeletal_remains,
          nicolae_lab_blocks, nicolae_lab_t_cross, nicolae_lab_arrow,
          nicolae_lab_stuck, nicolae_lab_grate, nicolae_lab_big_swirl
Bazaar:   bazaar_jpeg_circle_common, bazaar_kb_twisted_cavern
Ossuary:  ossuary_minmay_tomb_2a
IceCv:    ice_cave_small_dragons

Skill      XL: |  1  2  3  4  5  6  7  8  9 10 11 12 13 14 15 16 17 18 19 20 21 22 23 24 25 26 |
---------------+-------------------------------------------------------------------------------+-----
Dodging        | 2 3 4 5 6 7 8 9 10 11 12 13 14 15 16 17 19 20 21 | 21.5
Fighting       | 3 5 6 7 9 10 11 12 13 14 15 16 17 18 19 20 21 23 24 | 24.7
Polearms       | 1 6 9 11 13 14 15 16 17 18 19 20 21 22 23 24 25 | 25.2
Invocations    | 2 6 8 9 10 12 13 | 13.3
Spellcasting   | 6 9 10 | 10.8
Charms         | 6 9 10 | 10.9
Axes           | |  4.0
Evocations     | |  2.0

Action                   |  1- 3 |  4- 6 |  7- 9 | 10-12 | 13-15 | 16-18 | 19-21 | 22-24 | 25-27 || total
-------------------------+-------+-------+-------+-------+-------+-------+-------+-------+-------++-------
Melee: Hand axe          |   108 |   102 |   285 |       |       |       |       |       |       ||   495
       Tailslap          |    12 |    15 |    69 |   117 |   191 |   241 |   284 |   332 |   173 ||  1434
       Dagger            |       |       |    76 |   349 |    18 |       |       |       |       ||   443
       Halberd           |       |       |       |   279 |   177 |       |       |       |       ||   456
       Glaive            |       |       |       |       |   788 |  1376 |  1683 |  1532 |   810 ||  6189
       Bite              |       |       |       |       |   136 |   193 |   226 |   257 |   152 ||   964
Throw: Throwing net      |       |       |       |     2 |     1 |       |       |       |       ||     3
 Cast: Regeneration      |       |       |       |       |       |       |    59 |    89 |    58 ||   206
       Spectral Weapon   |       |       |       |       |       |       |     4 |    18 |     4 ||    26
Invok: Ancestor Identity |     1 |       |       |     1 |       |     1 |       |       |       ||     3
       Recall Ancestor   |       |     1 |     2 |     7 |     4 |     1 |     3 |     3 |     6 ||    27
       Ancestor Life: Kn |       |     1 |       |       |       |       |       |       |       ||     1
       Transference      |       |       |       |     2 |     1 |       |       |     1 |       ||     4
       Idealise          |       |       |       |     1 |     5 |       |     5 |    10 |     4 ||    25
 Abil: Breathe Acid      |       |       |     6 |    12 |    13 |     4 |     3 |       |       ||    38
Evoke: Wand              |       |       |       |    14 |     8 |     5 |     2 |     1 |    10 ||    40
  Use: Potion            |       |       |     1 |     4 |     5 |     2 |     2 |     5 |     5 ||    24
       Scroll            |       |       |    16 |    11 |    17 |     4 |     7 |     5 |       ||    60
 Stab: Sleeping          |     2 |     1 |     4 |     8 |    16 |    19 |    32 |    20 |     6 ||   108
       Invisible         |       |       |       |     5 |       |       |       |       |       ||     5
       Distracted        |       |       |       |     2 |    16 |    14 |    25 |    43 |    33 ||   133
       Held in net/web   |       |       |       |       |     4 |       |       |       |       ||     4
       Confused          |       |       |       |       |       |       |     2 |       |       ||     2
  Eat: Chunk             |     1 |     7 |    11 |    43 |     9 |    16 |    23 |    19 |     7 ||   136
       Ration            |       |       |     2 |     1 |     4 |     7 |     6 |     6 |     5 ||    31
Armor: Skin              |    48 |    22 |    81 |   114 |   150 |   172 |   183 |   164 |   105 ||  1039
Dodge: Dodged            |    91 |    81 |   310 |   618 |   793 |   967 |  1295 |  1240 |   742 ||  6137

Table legend:
 A = Non-vault XP
 B = Vault XP
 C = Vault XP percentage of total XP
 D = Non-vault monster count
 E = Vault monster count
 F = Vault count percentage of total count
                 A         B        C        D         E       F
            +---------+---------+-------+---------+---------+-------
      Total |  792390 |  567409 |  41.7 |    1536 |     755 |  33.0
            +---------+---------+-------+---------+---------+-------
        D:1 |      39 |       0 |   0.0 |      22 |       0 |   0.0
        D:2 |      62 |       0 |   0.0 |      22 |       0 |   0.0
        D:3 |      31 |     258 |  89.3 |      12 |       1 |   7.7
        D:4 |     249 |       0 |   0.0 |      17 |       0 |   0.0
        D:5 |     848 |     322 |  27.5 |      24 |       5 |  17.2
        D:6 |     876 |       0 |   0.0 |      21 |       0 |   0.0
        D:7 |    1151 |     122 |   9.6 |      22 |       1 |   4.3
        D:8 |    1774 |     472 |  21.0 |      29 |       8 |  21.6
        D:9 |     280 |     166 |  37.2 |      16 |       1 |   5.9
       D:10 |    1551 |     167 |   9.7 |      21 |       1 |   4.5
       D:11 |    1603 |    3705 |  69.8 |      17 |      24 |  58.5
       D:12 |    5164 |       0 |   0.0 |      18 |       0 |   0.0
       D:13 |    5121 |    9157 |  64.1 |      18 |      18 |  50.0
       D:14 |    8551 |    7842 |  47.8 |      24 |      19 |  44.2
       D:15 |   24767 |    5839 |  19.1 |      53 |       8 |  13.1
     Lair:1 |    3238 |     686 |  17.5 |      16 |       2 |  11.1
     Lair:2 |    6077 |    1075 |  15.0 |      24 |       2 |   7.7
     Lair:3 |    3271 |       0 |   0.0 |      10 |       0 |   0.0
     Lair:4 |    7793 |     663 |   7.8 |      29 |       6 |  17.1
     Lair:5 |    9641 |    2129 |  18.1 |      25 |      10 |  28.6
     Lair:6 |   10731 |   11613 |  52.0 |      33 |      36 |  52.2
    Swamp:1 |   13362 |   10243 |  43.4 |      33 |      14 |  29.8
    Swamp:2 |   13944 |       0 |   0.0 |      34 |       0 |   0.0
    Swamp:3 |   16516 |    3618 |  18.0 |      43 |       8 |  15.7
    Swamp:4 |   21392 |   18640 |  46.6 |      43 |      26 |  37.7
    Snake:1 |   22011 |    3427 |  13.5 |      42 |       3 |   6.7
    Snake:2 |   10640 |    1696 |  13.7 |      22 |       1 |   4.3
    Snake:3 |   27614 |    2903 |   9.5 |      52 |       4 |   7.1
    Snake:4 |   25517 |   26776 |  51.2 |      44 |      42 |  48.8
      Orc:1 |    4288 |    1309 |  23.4 |      33 |       2 |   5.7
      Orc:2 |    1833 |   15628 |  89.5 |      28 |      45 |  61.6
      Elf:1 |    6693 |   13566 |  67.0 |      11 |      22 |  66.7
      Elf:2 |   18446 |    1799 |   8.9 |      29 |       2 |   6.5
      Elf:3 |   23003 |   51941 |  69.3 |      35 |      40 |  53.3
   Vaults:1 |   32644 |   19255 |  37.1 |      59 |      32 |  35.2
   Vaults:2 |   14683 |   24313 |  62.3 |      27 |      55 |  67.1
   Vaults:3 |   31888 |   17125 |  34.9 |      63 |      20 |  24.1
   Vaults:4 |   43091 |   18593 |  30.1 |      83 |      25 |  23.1
   Vaults:5 |   46703 |  130657 |  73.7 |      58 |      93 |  61.6
   Depths:1 |   42867 |       0 |   0.0 |      53 |       0 |   0.0
   Depths:2 |   24010 |   20461 |  46.0 |      30 |      28 |  48.3
   Depths:3 |   33328 |   27094 |  44.8 |      46 |      39 |  45.9
   Depths:4 |   34244 |   44879 |  56.7 |      37 |      34 |  47.9
   Depths:5 |   33525 |   37931 |  53.1 |      29 |      21 |  42.0
      Zot:1 |   36765 |       0 |   0.0 |      23 |       0 |   0.0
      Zot:2 |   25341 |       0 |   0.0 |      15 |       0 |   0.0
      Zot:3 |   42616 |       0 |   0.0 |      27 |       0 |   0.0
      Zot:4 |   31352 |   16002 |  33.8 |      23 |      10 |  30.3
      Zot:5 |     512 |    5535 |  91.5 |       1 |       2 |  66.7
    Abyss:2 |   20744 |       0 |   0.0 |      40 |       0 |   0.0
        Lab |       0 |    4358 | 100.0 |       0 |      11 | 100.0
    Ossuary |       0 |     131 | 100.0 |       0 |      14 | 100.0
      IceCv |       0 |    5313 | 100.0 |       0 |      20 | 100.0
            +---------+---------+-------+---------+---------+-------
